 Dungeon Crawl Stone Soup version 0.27-a0-1046-g98bf31544f (webtiles) character file.

Game seed: 3334892448078166188

64 senseless the Skirmisher (level 3, -3/32 HPs)
             Began as a Palentonga Fighter on Apr 19, 2021.
             Was an Initiate of Trog.
             Slain by Crazy Yiuf
             ... wielding a +4 quarterstaff of chaos
              (6 damage)
             ... on level 2 of the Dungeon.
             The game lasted 00:05:18 (1673 turns).

senseless the Skirmisher (Palentonga Fighter)       Turns: 1673, Time: 00:05:20

Health: -3/32      AC: 10    Str: 19    XL:     3   Next: 91%
Magic:  3/3        EV:  5    Int:  8    God:    Trog [......]
Gold:   137        SH:  8    Dex: 10    Spells: 2/2 levels left

rFire    . . .     SeeInvis +   a - +0 long sword
rCold    . . .     Faith    .   c - +0 kite shield
rNeg     . . .     Spirit   .   b - +0 scale mail
rPois    .         Reflect  .   h - +1 helmet
rElec    .         Harm     .   p - +0 cloak
rCorr    .         Rampage  .   (no gloves)
Will     .....                  (no barding)
Stlth    ..........             (no amulet)
HPRegen  0.10/turn              (no ring)
MPRegen  0.08/turn              (no ring)

@: lethally poisoned (-3 -> -14)
A: large, rugged brown scales 3, see invisible, deformed body, roll 1, armoured
tail
a: Rolling Charge, Renounce Religion


You were on level 2 of the Dungeon.
You worshipped Trog.
Trog was noncommittal.
You visited 1 branch of the dungeon, and saw 2 of its levels.

You collected 137 gold pieces.

Inventory:

Hand Weapons
 a - a +0 long sword (weapon)
Armour
 b - a +0 scale mail (worn)
 c - a +0 kite shield (worn)
 f - a +0 helmet
 h - a +1 helmet (worn)
 p - a +0 cloak (worn)
Jewellery
 i - a ring of magical power
Scrolls
 k - 3 scrolls of identify {unknown}
 l - a scroll of teleportation {unknown}
 m - a scroll of noise {unknown}
 o - a scroll of vulnerability {unknown}
Potions
 d - a potion of might
 e - a potion of degeneration {unknown}
 g - a potion of haste {unknown}
 j - a potion of flight {unknown}
 n - a potion of brilliance {unknown}
 q - a potion of curing {unknown}


   Skills:
 * Level 3.9 Fighting
 + Level 2.5 Long Blades
 + Level 2.8 Armour
 + Level 2.7 Shields


You had 2 spell levels left.
You didn't know any spells.
Your spell library was empty.

Dungeon Overview and Level Annotations

Branches:
Dungeon (2/15)

Altars:
Trog

Annotations:
D:2 Crazy Yiuf


Innate Abilities, Weirdness & Mutations

You are completely covered in rugged brown scales. (AC +3, +7% HP)
You have supernaturally acute eyesight. (SInv)
Armour fits poorly on your strangely shaped body.
You can roll at nearby foes to attack.
You have a long armoured tail.


Message History

You roll forward with a clatter of scales!
You hit the ball python.
You kill the ball python!
Trog accepts your kill.
You hear an angry hiss.
A frilled lizard comes into view.
You roll forward with a clatter of scales!
You barely miss the frilled lizard.
Your tail-slap misses the frilled lizard.
The frilled lizard bites you. You block the frilled lizard's attack.
You miss the frilled lizard.
The frilled lizard bites you but does no damage.
You miss the frilled lizard. The frilled lizard barely misses you.
The frilled lizard bites you but does no damage.
You miss the frilled lizard. You block the frilled lizard's attack.
You miss the frilled lizard.
You block the frilled lizard's attack. x2
You slash the frilled lizard!
You kill the frilled lizard!
Trog accepts your kill.
Found a mace.
Found a runed translucent door.
Crazy Yiuf shouts!
You open the door.
Crazy Yiuf grits, "Mama tea koolooloo!"
You barely miss Crazy Yiuf. You block Crazy Yiuf's attack. x2
You hit Crazy Yiuf.
Crazy Yiuf is lightly wounded.
Crazy Yiuf hits you with a +4 quarterstaff of chaos!
Crazy Yiuf freezes you.
You are too injured to fight recklessly!
You are too injured to fight recklessly!
Okay, then.
You are too injured to fight recklessly!
Okay, then.
You barely miss Crazy Yiuf.
Crazy Yiuf is lightly wounded.
Crazy Yiuf hits you with a +4 quarterstaff of chaos!
* * * LOW HITPOINT WARNING * * *
You are lethally poisoned!
Crazy Yiuf hits you with a +4 quarterstaff of chaos.
You die...

######## ###
###.#....##
#...##..#......##
#...g@####......#
#)..### ##.....#
### ### #####.#
##.#####
##.######
#>.....#
#.......#
##.#####
#######.# #.# #.#
#.# #.. #.# ###


You could see Crazy Yiuf.

Vanquished Creatures
  A gnoll (D:1)
  An adder (D:2)
  A dart slug (D:2)
  3 bats
  5 endoplasms (D:1)
  A giant cockroach (D:1)
  4 goblins
  4 hobgoblins
  5 jackals (D:1)
  3 ball pythons
  2 frilled lizards (D:2)
  5 kobolds
  4 rats
39 creatures vanquished.

Notes
Turn   | Place    | Note
-------+----------+-------------------------------------------
     0 | D:1      | senseless the Palentonga Fighter began the quest for the
                  | Orb.
     0 | D:1      | Reached XP level 1. HP: 19/19 MP: 1/1
   134 | D:1      | Reached XP level 2. HP: 25/25 MP: 2/2
   408 | D:1      | Reached XP level 3. HP: 23/31 MP: 3/3
   935 | D:2      | Found a bloodstained altar of Trog.
   944 | D:2      | Became a worshipper of Trog the Wrathful
  1666 | D:2      | Found a runed translucent door.
  1667 | D:2      | Noticed Crazy Yiuf
  1673 | D:2      | Slain by Crazy Yiuf

Illustrated notes

Levels and vault maps discovered:
D:1:      dpeg_arrival_rooms_with_view, layout_basic
D:2:      layout_loops_ring, basic_altar, corexii_corridor_pit,
          uniq_crazy_yiuf_cottage

Action                   || total
-------------------------++-------
Melee: Long sword        ||   110
       Tailslap          ||    10
 Abil: Rolling Charge    ||    26
Armor: Scale mail        ||    48
Dodge: Dodged            ||    29
Block: Kite shield       ||    53
       Rpst.: Long sword ||     8

Table legend: (Time is in decaauts)
 A = Elapsed time spent in this place.
 B = Non-inter-level travel time spent in this place.
 C = Inter-level travel time spent in this place.
 D = Time resting spent in this place.
 E = Time spent auto-exploring this place.
 F = Levels seen in this place.
 G = Mean time per level.
                   A        B        C        D        E       F      G
               +--------+--------+--------+--------+--------+-----+--------+
         Total |   1727 |   1721 |      6 |    237 |   1192 |   2 |  863.5 |
       Dungeon |   1727 |   1721 |      6 |    237 |   1192 |   2 |  863.5 |
               +--------+--------+--------+--------+--------+-----+--------+

Top non-repeatable levels by time:
     D:1: 871 daAuts
     D:2: 855 daAuts
